 Dungeon Crawl Stone Soup version 0.29-a0-323-g050149af67 (webtiles) character file.

Game seed: 14406813258185922709

51 Jortsu the Vandal (level 3, -1/35 HPs)
             Began as a Troll Hunter on Apr 11, 2022.
             Was an Initiate of Gozag.
             Slain by an orc
             ... wielding a +0 short sword
              (4 damage)
             ... on level 2 of the Dungeon.
             The game lasted 00:03:09 (857 turns).

Jortsu the Vandal (Troll Hunter)                     Turns: 857, Time: 00:03:09

Health: -1/35      AC:  4    Str: 19    XL:     3   Next: 57%
Magic:  2/2        EV: 10    Int:  5    God:    Gozag
Gold:   293        SH:  0    Dex: 15    Spells: 2/2 levels left

rFire   + . .      SeeInvis .     - Unarmed
rCold   . . .      Faith    .   (no shield)
rNeg    . . .      Spirit   .   b - +0 robe
rPois   .          Reflect  .   (helmet restricted)
rElec   .          Harm     .   (no cloak)
rCorr   .          Rampage  .   (gloves unavailable)
Will    .....                   (boots unavailable)
Stlth   ++........              (no amulet)
HPRegen 0.91/turn               e - ring of protection from fire
MPRegen 0.08/turn               (no ring)

@: gold aura
A: large, unfitting armour, claws 3, regeneration 1, shaggy fur 1, tough skin 1
a: Renounce Religion, Potion Petition, Call Merchant, Bribe Branch


You were on level 2 of the Dungeon.
You worshipped Gozag.
Gozag was aware of your devotion.
You visited 1 branch of the dungeon, and saw 2 of its levels.

You collected 293 gold pieces.

Inventory:

Hand Weapons
 a - a +1 hunting sling
Armour
 b - a +0 robe (worn)
Jewellery
 e - a ring of protection from fire (left claw)
Scrolls
 c - a scroll of immolation
 f - a scroll of fog {unknown}
 g - a scroll of teleportation {unknown}
Potions
 d - 3 potions of curing {unknown}
 h - a potion of might {unknown}


   Skills:
 + Level 1.9 Fighting
 + Level 3.2 Slings
 + Level 1.8 Dodging
 + Level 0.4 Stealth
 + Level 1.1 Unarmed Combat


You had 2 spell levels left.
You didn't know any spells.
Your spell library contained the following spells:

 Spells                   Type           Power      Damage    Failure   Level
 Slow                     Hex            0%         N/A       47%         1


Dungeon Overview and Level Annotations

Branches:
Dungeon (2/15)

Altars:
Gozag

Shops:
D:1 [:*


Innate Abilities, Weirdness & Mutations

You are too large for most types of armour.
You have claws for hands.
Your natural rate of healing is unusually fast.
You are covered in fur. (AC +1)
You have tough skin. (AC +1)


Message History

An orc comes into view. It is wielding a +0 club.
The orc moves out of view.
You see here 7 gold pieces.
An orc priest comes into view. It is wielding a +0 club.
The orc shouts! x2; You hear a shout!
You see here 7 gold pieces.
You now have 293 gold pieces (gained 7).
An orc priest comes into view. It is wielding a +0 club.
An orc priest comes into view. It is wielding a +0 hand axe.
The orc priest shouts!
The orc priest mumbles some strange prayers to Beogh against you.
Beogh smites you!
You scratch the orc.
The orc is moderately wounded.
The orc priest is distracted by your dazzling golden aura.
The orc is distracted by your dazzling golden aura.
The orc priest calls upon Beogh to heal the orc.
The orc's wounds heal themselves!
The orc priest shouts!
The orc hits you with a +0 short sword. The orc barely misses you.
The orc priest closely misses you. The orc hits you with a +0 short sword.
You scratch the orc priest.
The orc priest is moderately wounded.
The orc closely misses you. The orc hits you but does no damage.
The orc priest barely misses you. The orc closely misses you.
You scratch the orc priest.
The orc priest is moderately wounded.
The orc is no longer distracted by gold.
The orc closely misses you. The orc hits you with a +0 club.
The orc priest hits you with a +0 club. The orc hits you but does no damage.
You claw the orc priest!
The orc priest is almost dead.
The orc priest is no longer distracted by gold.
The orc barely misses you. The orc hits you but does no damage.
The orc priest invokes the aid of Beogh against you.
Pain shoots through your body!
* * * LOW HITPOINT WARNING * * *
The orc closely misses you. The orc hits you with a +0 short sword.
You die...
Your body crumbles into a pile of gold.

### ..# #####.###
######### #.......#
........#+##.#...#.#
............#.....#
#######........#.....#
......ooo......#.....###
.≈...≈o@.......+........
$
..o...o.o......#...#....
...............#####..##
$ ...............# ##+#
.≈...≈..#........
........#.........
#######.#.........
..#.......


You could see 3 orc priests and 4 orcs.

Vanquished Creatures
  A dart slug (D:1)
  10 endoplasms
  A giant cockroach (D:1)
  9 hobgoblins
  3 kobolds (D:1)
  2 quokkas
  3 ball pythons (D:2)
  3 bats
  2 frilled lizards (D:1)
  4 goblins (D:1)
  3 rats (D:1)
41 creatures vanquished.

Vanquished Creatures (others)
  A ball python (D:1)
1 creature vanquished.

Grand Total: 42 creatures vanquished

Notes
Turn   | Place    | Note
-------+----------+-------------------------------------------
     0 | D:1      | Jortsu the Troll Hunter began the quest for the Orb.
     0 | D:1      | Reached XP level 1. HP: 19/19 MP: 0/0
    58 | D:1      | Found Pifur's Armour Emporium.
    71 | D:1      | Reached XP level 2. HP: 28/28 MP: 1/1
   117 | D:1      | Reached skill level 3 in Slings
   151 | D:1      | Found a faded altar of an unknown god.
   162 | D:1      | Found Uscheup's Book Emporium.
   170 | D:1      | Got Plato's Disquisition on Curses
   171 | D:1      | Prayed at the altar of an unknown god.
   171 | D:1      | Became a worshipper of Gozag Ym Sagoz the Greedy
   178 | D:1      | Found Ybisoff's General Store.
   284 | D:1      | Reached XP level 3. HP: 35/35 MP: 2/2
   540 | D:1      | Reached skill level 1 in Unarmed Combat
   857 | D:2      | Slain by an orc

Illustrated notes

Levels and vault maps discovered:
D:1:      mushboom_english_gardens, layout_rooms, serial_shops,
          nicolae_shop_temple_entry_statues_fountains, shop, shop,
          shapermc_ecumenical_altar_rom_forum, chequers_serial_rivers_micro_e,
          minmay_liquid_box, minmay_indecisive_spiral
D:2:      cheibrodos_pilgrimage, layout_basic, hangedman_decor_clover_reticule,
          minmay_nonomino_d4

Skill      XL: |  1  2  3 |
---------------+----------+-----
Slings         | 3 |  3.2
Unarmed Combat | 1 |  1.1
Fighting       | |  1.9
Dodging        | |  1.8
Stealth        | |  0.4

Action                   || total
-------------------------++-------
Melee: Unarmed           ||    99
 Stab: Sleeping          ||     4
Armor: Robe              ||    53
Dodge: Dodged            ||    76

Table legend: (Time is in decaauts)
 A = Elapsed time spent in this place.
 B = Non-inter-level travel time spent in this place.
 C = Inter-level travel time spent in this place.
 D = Time resting spent in this place.
 E = Time spent auto-exploring this place.
 F = Levels seen in this place.
 G = Mean time per level.
                   A        B        C        D        E       F      G
               +--------+--------+--------+--------+--------+-----+--------+
         Total |    856 |    834 |     22 |      0 |    453 |   2 |  428.0 |
       Dungeon |    856 |    834 |     22 |      0 |    453 |   2 |  428.0 |
               +--------+--------+--------+--------+--------+-----+--------+

Top non-repeatable levels by time:
     D:1: 654 daAuts
     D:2: 201 daAuts
